Map: [ESL] NeoHumanity

Players

Serral

  • Race: Zerg Zerg
  • Spawn Location: 11:00

Reynor - Winner!

  • Race: Zerg Zerg
  • League: Master
  • Spawn Location: 5:00

Event: HomeStory Cup XXIII

VOD

Have the link to the VOD?

Description

Time

  • Played on: July 2, 2023, 9:05 a.m.
  • Length: 5:14

All games in this series

Show
View Real Time Build Order
Export as new Build Order

Serral Zerg 

Build Orders: Hatch First 

Get SALT Encoding   

  12  0:00  Drone  
  13  0:12  Overlord  
  13  0:17  Drone  
  14  0:30  Drone x2  
  16  0:47  Hatchery  
  15  0:51  Drone  
  15  0:54  Drone  
  17  0:57  Drone  
  18  1:09  Extractor  
  17  1:13  Spawning Pool  
  17  1:16  Drone  
  17  1:19  Drone  
  18  1:27  Drone  
  19  2:00  Queen x2, Zergling x8  
  27  2:10  Zergling x2  
  27  2:29  Drone x3  
  27  2:44  Spine Crawler  
  27  2:48  Zergling x2  
  27  2:50  Drone  
  28  2:55  Overlord  
  28  3:03  Overlord  
  28  3:15  Drone x8  
  36  3:24  Drone x3  
  36  3:26  Drone  
  40  3:29  Metabolic Boost  
  40  3:36  Overlord  
  40  3:37  Drone  
  41  3:45  Drone x2  
  43  3:52  Baneling Nest  
  43  3:54  Drone  
  43  3:57  Zergling x6  
  46  4:05  Hatchery  
  45  4:13  Overlord  
  45  4:14  Zergling x8  
  48  4:21  Overlord  
  48  4:24  Zergling x6  
  51  4:27  Overlord  
  51  4:35  Zergling x6  
  51  4:36  Baneling  
  51  4:37  Baneling  
  54  4:44  Zergling x8  
  54  4:45  Overlord, Zergling x2  
  59  4:52  Drone, Zergling x2  
  61  4:53  Roach Warren  
  61  4:54  Baneling  
  61  4:55  Baneling x2  
Show
View Real Time Build Order
Export as new Build Order

Reynor Zerg - Winner!

Build Orders: Pool First 

Get SALT Encoding   

  12  0:17  Spawning Pool  
  11  0:21  Drone  
  11  0:26  Drone  
  13  0:30  Drone  
  14  0:38  Overlord  
  14  1:03  Zergling x2  
  14  1:04  Zergling x4  
  17  1:15  Zergling x2  
  17  1:16  Hatchery  
  17  1:26  Zergling x2  
  17  1:31  Queen  
  20  1:36  Zergling x2  
  21  1:47  Overlord  
  21  1:58  Drone  
  22  2:04  Extractor  
  22  2:06  Queen  
  23  2:08  Drone  
  24  2:19  Drone  
  24  2:28  Drone  
  22  2:30  Queen  
  22  2:31  Drone  
  25  2:39  Drone  
  25  2:41  Drone  
  27  2:49  Drone  
  27  2:53  Drone  
  28  2:59  Drone  
  28  3:00  Drone x2  
  28  3:01  Drone  
  28  3:04  Drone  
  33  3:11  Overlord  
  33  3:12  Drone  
  34  3:17  Metabolic Boost  
  34  3:21  Drone  
  35  3:30  Drone x3  
  38  3:42  Zergling x10  
  38  3:44  Overlord  
  43  3:48  Evolution Chamber  
  43  3:51  Zergling x2  
  43  3:52  Overlord  
  43  4:02  Hatchery  
  42  4:03  Zergling x2  
  42  4:06  Zergling x4  
  45  4:13  Zergling x8  
  49  4:19  Zergling x4  
  49  4:20  Zergling x2  
  49  4:22  Zergling x4  
  54  4:32  Roach Warren  
  54  4:35  Zergling x4  
  55  4:41  Overlord  
  55  4:46  Zergling x2  
  55  4:52  Zergling x8  
  60  4:53  Overlord  
Tags
 
Add a new tag
Caveats
  • Supply blocks, unpowered buildings, or Contaminate may cause inaccurate times.
  • Supply counts are checked every 10 seconds.